Unix NetHack Version 3.7.0-89 Work-in-progress - last build Sep 7 2023 15:16:41 (8494bff02b67719303c47e298deaa89034127798,branch:master). Game began 2023-09-20 12:05:28, ended 2023-09-21 15:32:27. Merlek, lawful female human Valkyrie -- .| --------- .-- ----- |....D..|...-- --..... |...@...|..55---....... |.@._@..-a.aaAa.%...... |.......|.1..-- ........ |.......|.5.-- -...%... --------- .-- ---.--- 5 .| -...------- -- ...........| ....%.....- ..........- ......... ....... Merlek the Swashbuckler St:25 Dx:17 Co:17 In:6 Wi:16 Ch:12 Lawful Astral Plane $:0 HP:130(172) Pw:9(25) AC:-39 Xp:18/1406758 T:48274 Fly Latest messages: You hear a nearby zap. You hear a mumbled curse. The displacer beast moves the priestess of Moloch out of its way! You hear a mumbled curse. What do you want to use or apply? [b-dfhj-lnqvxCGIRX or ?*] You can see again. ceiling hider hiding without ceiling (fmon) Program in disorder! (Saving and reloading may fix this problem.) Please report these messages to devteam@nethack.org. Alternatively, contact local support: Contact K2 or Tangles on Libera irc channel #hardfought The fire ant just misses! The fire ant just misses! The Angel of Odin wields a long sword! The renegade Angel of Tyr points at you, then curses. The Angel of Moloch points at you, then curses. ceiling hider hiding without ceiling (fmon) Program in disorder! (Saving and reloading may fix this problem.) Please report these messages to devteam@nethack.org. Alternatively, contact local support: Contact K2 or Tangles on Libera irc channel #hardfought ceiling hider hiding without ceiling (fmon) Program in disorder! (Saving and reloading may fix this problem.) Please report these messages to devteam@nethack.org. Alternatively, contact local support: Contact K2 or Tangles on Libera irc channel #hardfought You hear a mumbled curse. The renegade Angel of Tyr points at you, then curses. The Angel of Loki points at you, then curses. The priest of Odin turns to flee. ceiling hider hiding without ceiling (fmon) Program in disorder! (Saving and reloading may fix this problem.) Please report these messages to devteam@nethack.org. Alternatively, contact local support: Contact K2 or Tangles on Libera irc channel #hardfought ceiling hider hiding without ceiling (fmon) Program in disorder! (Saving and reloading may fix this problem.) Please report these messages to devteam@nethack.org. Alternatively, contact local support: Contact K2 or Tangles on Libera irc channel #hardfought The priest of Odin wields a mace! The Angel of Moloch picks up a mace. There is a high altar to Tyr (lawful) here. ceiling hider hiding without ceiling (fmon) Program in disorder! (Saving and reloading may fix this problem.) Please report these messages to devteam@nethack.org. Alternatively, contact local support: Contact K2 or Tangles on Libera irc channel #hardfought # What do you want to sacrifice? [S or ?*] You offer the Amulet of Yendor to Tyr... An invisible choir sings, and you are bathed in radiance... The voice of Tyr thunders: "Mortal, thou hast done well!" "In return for thy service, I grant thee the gift of Immortality!" You ascend to the status of Demigoddess... Do you want your possessions identified? [ynq] (n) Inventory: Amulets L - an uncursed greased amulet of flying (being worn) r - an uncursed amulet of life saving Weapons a - the blessed rustproof +6 Excalibur (wielded in right hand) m - an uncursed +1 silver saber (wielded in left hand) Armor N - a blessed +6 elven leather helm (being worn) H - an uncursed greased rustproof +5 pair of gauntlets of power (being worn) K - an uncursed fireproof +4 pair of speed boots (being worn) D - an uncursed burnt +4 cloak of magic resistance (being worn) O - a blessed +4 Hawaiian shirt with a sailboat motif (being worn) V - a blessed +4 silver dragon scale mail (being worn) Comestibles g - a blessed homemade tin of nurse meat Scrolls B - a blessed scroll of gold detection E - an uncursed scroll of teleportation Rings P - an uncursed ring of shock resistance (on left hand) t - an uncursed ring of slow digestion (on right hand) Wands j - an uncursed wand of death (2:4) c - an uncursed wand of digging (0:3) R - an uncursed wand of digging (0:2) q - an uncursed wand of lightning (0:3) d - a cursed wand of striking (0:0) n - an uncursed wand of teleportation (0:4) Tools I - a blessed bag of holding containing 75 items C - an empty uncursed sack v - an uncursed bugle b - the uncursed Bell of Opening (0:2) l - a blessed magic lamp (lit) G - an uncursed magic marker (0:25) f - the blessed Orb of Fate (0:5) x - an uncursed +0 pick-axe named protection 10 k - an uncursed skeleton key named p4700 X - an uncursed towel named ALL RESISTANCES h - a blessed +0 unicorn horn Contents of the bag of holding: an uncursed amulet of life saving a blessed +0 pair of gauntlets of dexterity an uncursed -1 pair of levitation boots an uncursed +0 pair of water walking boots an uncursed +0 oilskin cloak 2 uncursed lembas wafers 7 uncursed lumps of royal jelly an uncursed sprig of wolfsbane an uncursed tin of floating eye meat an uncursed tin of Lord Surtur meat 2 uncursed lizard corpses 31 blessed scrolls of blank paper 2 uncursed scrolls of blank paper 5 cursed scrolls of blank paper 5 blessed scrolls of charging named blessed a blessed scroll of enchant armor an uncursed scroll of enchant armor 2 uncursed scrolls of fire a blessed scroll of gold detection a blessed scroll of identify an uncursed scroll of magic mapping 2 blessed scrolls of remove curse 2 uncursed scrolls of remove curse an uncursed scroll of stinking cloud 4 uncursed scrolls of taming 3 blessed scrolls of teleportation 4 uncursed scrolls of teleportation a cursed scroll of teleportation a blessed potion of object detection 2 uncursed potions of acid an uncursed potion of blindness 2 blessed potions of extra healing 4 blessed potions of full healing an uncursed potion of full healing an uncursed potion of gain level a blessed potion of healing 2 uncursed potions of healing 2 uncursed potions of invisibility a blessed potion of levitation 2 blessed potions of oil a blessed potion of paralysis an uncursed potion of paralysis an uncursed potion of speed 6 potions of holy water an uncursed ring of polymorph control an uncursed +5 ring of protection an uncursed ring of teleport control an uncursed wand of cold (0:6) an uncursed wand of death (0:7) an uncursed wand of death (0:5) an uncursed wand of digging (0:4) an uncursed wand of digging (0:1) an uncursed wand of enlightenment (0:11) an uncursed wand of fire (0:4) an uncursed wand of lightning (0:8) an uncursed wand of lightning (0:4) an uncursed wand of locking (0:4) a blessed wand of magic missile (0:2) an uncursed wand of polymorph (0:2) an uncursed wand of probing (0:7) an uncursed wand of secret door detection (0:9) an uncursed wand of sleep (0:4) an uncursed wand of speed monster (0:4) an uncursed wand of speed monster (0:3) an uncursed wand of speed monster (0:8) an uncursed wand of striking (0:4) an uncursed wand of striking (0:2) an uncursed wand of striking (0:4) an uncursed wand of teleportation (0:5) an uncursed wand of teleportation (0:4) an uncursed wand of teleportation (0:3) an uncursed wand of teleportation (0:3) an uncursed wand of wishing (1:0) an uncursed magic whistle named cold tele poison sleep fire disint shock an uncursed tinning kit (0:65) Merlek the Valkyrie's attributes: Background: You were a Swashbuckler, a level 18 human Valkyrie. You were lawful, on a mission for Tyr who was opposed by Odin (neutral) and Loki (chaotic). You were in the endgame, on the Astral Plane. You entered the dungeon 48274 turns ago. You had 1406758 experience points, 1153242 more were needed for level 19. Basics: You had 130 out of 172 hit points. You had 9 out of 25 energy points (spell power). Your armor class was -39. Your wallet was empty. Autopickup was on for '"?!=/' plus thrown, with exceptions. Final Characteristics: Your strength was 25 (base:18/12, peak:18/13, innate limit:18/100). Your dexterity was 17 (peak:18, limit:18). Your constitution was 17 (peak:18, limit:18). Your intelligence was 6 (peak:12, limit:18). Your wisdom was 16 (limit:18). Your charisma was 12 (limit:18). Final Status: You were flying. You were not hungry. You were unencumbered. You were wielding two weapons at once. Your skill in long sword was limited by being skilled with two weapons. Your two weapon skill was limited by being basic with saber. Final Attributes: You were piously aligned. You were magic-protected. You were fire resistant. You were cold resistant. You were sleep resistant. You were disintegration resistant. You were shock resistant. Your items were protected from electric shocks. You were poison resistant. You were level-drain resistant. You were telepathic. You were warned. You had automatic searching. You were invisible. You were stealthy. You had slower digestion. You had a moderate defense bonus (+10). You were warded. You took half physical damage. You took half spell damage. You were very fast. You had reflection. You were very lucky. You had extra luck. Good luck did not time out for you. You survived. Miscellaneous: You encountered 2 bones levels. Total elapsed playing time was 7 hours, 28 minutes and 32 seconds. Major events: Turn 1: Merlek the lawful human Valkyrie entered the dungeon 936: attained the rank of Skirmisher (level 3) 1292: entered the Gnomish Mines 1859: attained the rank of Fighter (level 6) 2753: reached Mine Town 3154: made her first wish - "blessed greased fixed +2 gray dragon scale mail", got "a greased gray dragon scale mail" 5511: acquired the Mines' End luckstone 6115: had Excalibur thrown at them by some watery tart 6358: destroyed Merlek's ghost, the former Skirmisher 6360: found Mjollnir in a shop 7044: attained the rank of Woman-at-arms (level 10) 7232: entered the Bigroom 15015: entered Sokoban 15247: completed 1st Sokoban level 15744: completed 2nd Sokoban level 16040: completed 3rd Sokoban level 17249: completed 4th Sokoban level 17519: acquired the Sokoban amulet of reflection 27265: wished for "2 blessed scrolls of charging", got "2 scrolls labeled EIRIS SAZUN IDISI" 27268: wished for "blessed greased fixed +2 gauntlets of power", got "a greased pair of padded gloves" 27274: wished for "blessed greased fixed +2 speed boots", got "a greased pair of jungle boots" 27279: wished for "blessed greased amulet of flying", got "a greased triangular amulet" 28229: attained the rank of Warrior (level 14) 28998: found the Orb of Fate on the floor 28999: killed Lord Surtur 29001: acquired the Bell of Opening 30715: entered Gehennom 30801: found Magicbane on the floor 30803: destroyed WizzyTheWeird's ghost, the former Magician 33545: killed Medusa 35861: killed Baalzebub 35873: killed Juiblex 37236: destroyed Vlad the Impaler 37237: acquired the Candelabrum of Invocation 40231: killed Orcus 40818: killed Geryon 41910: killed Yeenoghu 43411: attained the rank of Swashbuckler (level 18) 45764: killed the Wizard of Yendor 45765: acquired the Book of the Dead 46005: performed the invocation 46281: killed the high priest of Moloch 46283: acquired The Amulet of Yendor 46346: killed the Wizard of Yendor (2nd time) 46635: killed the Wizard of Yendor (3rd time) 46983: killed the Wizard of Yendor (5th time) 47383: wished for "marker", got "a magic marker" 47473: killed Asmodeus 48060: entered the Elemental Planes 48060: entered Plane of Earth 48115: entered Plane of Air 48166: entered Plane of Fire 48194: entered Plane of Water 48240: entered the Astral Plane 48254: killed Death 48274: ascended Vanquished creatures: Asmodeus Baalzebub Geryon Orcus Yeenoghu Juiblex the Wizard of Yendor (8 times) Death Vlad the Impaler 2 arch-liches a high cleric 4 mastodons Medusa 6 krakens 4 iron golems 2 master liches 3 storm giants a titan 3 glass golems 3 balrogs 6 purple worms a gray dragon 3 silver dragons 4 red dragons 2 white dragons an orange dragon 5 black dragons 3 blue dragons 4 green dragons 4 yellow dragons 25 minotaurs 2 jabberwocks Lord Surtur 9 baluchitheria an Angel 9 demiliches 3 stone golems 5 master mind flayers 6 Olog-hai 2 Nazgul 8 pit fiends 6 hell hounds 6 displacer beasts 2 titanotheres 5 trappers a baby white dragon 4 baby yellow dragons a guardian naga 4 genetic engineers 8 disenchanters 35 vampire leaders 5 skeletons 11 aligned clerics 2 captains 6 shades 14 liches 5 clay golems 8 nurses 11 ice devils 2 nalfeshnees 4 lurkers above 5 frost giants 16 black puddings 35 vampires 8 lieutenants 34 ghosts 3 queen bees 10 winged gargoyles 9 giant mimics 11 long worms 8 zruties 25 fire giants 9 ogre tyrants 6 ice trolls 10 rock trolls 12 umber hulks 5 flesh golems 7 elven monarchs 4 doppelgangers 17 hezrous 18 bone devils 8 large mimics 5 wumpuses 4 fire vortices a couatl 8 stalkers 11 air elementals 5 fire elementals 6 earth elementals 9 water elementals 6 hill giants 8 giant mummies a black naga 10 xorns 23 giant zombies 12 elf-nobles 13 sergeants 18 barbed devils 14 vrocks 3 salamanders 13 wargs 2 winter wolves 8 hell hound pups 20 small mimics 3 glass piercers 4 warhorses 7 steam vortices 11 xans 2 ettin mummies 9 ogre leaders 13 quantum mechanics 9 trolls a wood golem 3 erinyes 6 mariliths 2 sharks an electric eel 7 gelatinous cubes 5 pyrolisks 3 large dogs 4 freezing spheres 3 flaming spheres 7 shocking spheres 2 large cats 8 tigers 9 gargoyles a tengu 7 ochre jellies 11 leocrottas 3 energy vortices 2 mountain centaurs a stone giant 6 elf mummies 4 human mummies 9 red nagas 5 green slimes 10 pythons 3 pit vipers 6 cobras 56 wraiths 4 carnivorous apes 17 ettin zombies 4 leather golems 13 Grey-elves 71 soldiers 7 amorous demons 23 horned devils 7 chameleons 4 crocodiles 14 giant beetles 8 quivering blobs 27 cockatrices 7 wolves 11 winter wolf cubs 3 lynxes 4 panthers 8 gremlins 97 leprechauns 3 orc-captains 4 iron piercers 2 mumakil 25 giant spiders 9 scorpions 11 horses an ice vortex 9 black lights 13 vampire bats 4 forest centaurs 3 gnome rulers 5 orc mummies 3 dwarf mummies an ogre 6 brown puddings 11 rust monsters 5 owlbears 9 yetis 3 gold golems a werewolf 12 Green-elves 6 giant eels 9 lizards 14 chickatrices a dingo 2 dogs 4 housecats 5 jaguars a dwarf leader 3 blue jellies 5 gray unicorns 3 dust vortices 6 ravens 3 plains centaurs 2 gnome mummies 8 snakes 20 apes 21 human zombies a rope golem 19 Woodland-elves 13 soldier ants 59 fire ants 4 bugbears 2 imps 5 lemures 9 quasits 2 wood nymphs 7 water nymphs 3 mountain nymphs 16 Mordor orcs 13 Uruk-hai 6 orc shamans 11 rock piercers 3 rock moles 3 ponies 7 fog clouds 8 yellow lights 2 shriekers 3 violet fungi 18 gnome leaders 9 gnomish wizards 5 kobold mummies 3 black naga hatchlings 2 golden naga hatchlings 7 gray oozes 3 barrow wights 16 elf zombies 20 ghouls 5 straw golems 5 paper golems 3 jellyfish 13 giant ants 3 little dogs 7 floating eyes 4 kittens 8 dwarves 3 homunculi a kobold leader 3 kobold shamans 30 hill orcs 27 rothes a rabid rat 2 centipedes 3 giant bats 2 monkeys 16 orc zombies 22 dwarf zombies 2 wererats a werejackal 14 iguanas 52 killer bees 5 acid blobs 2 coyotes 5 gas spores a hobbit 11 manes a large kobold 6 hobgoblins 10 giant rats 2 cave spiders a brown mold 4 yellow molds 3 green molds 2 red molds 72 gnomes 5 garter snakes 22 gnome zombies 6 geckos 12 jackals 3 foxes 2 kobolds 3 goblins 3 sewer rats 5 grid bugs 5 bats 11 lichens 10 kobold zombies 12 newts 2305 creatures vanquished. Extinct species: erinyes (extinct) 1 species extinct. Voluntary challenges: You read items or engraved 71 times. You never engraved Elbereth. You never genocided any monsters. You never changed form. You used 6 wishes. You did not wish for any artifacts. You violated the special Sokoban rules once. Achievements: You entered a shop. You attained the rank of Skirmisher. You entered the Gnomish Mines. You attained the rank of Fighter. You entered Minetown. You entered a temple. You completed the Gnomish Mines. You attained the rank of Woman-at-arms. You entered the Big Room. You entered Sokoban. You completed Sokoban. You learned the tune to open and close the Castle's drawbridge. You attained the rank of Warrior. You had the Bell of Opening. You entered Gehennom. You defeated Medusa. You handled the Candelabrum of Invocation. You attained the rank of Swashbuckler. You handled the Book of the Dead. You gained access to Moloch's Sanctum. You reached the Elemental Planes. You reached the Astral Plane. You delivered the Amulet of Yendor. You ascended! The Elemental Planes: Astral Plane: <- You are here. A temple to Tyr. Plane of Water: Plane of Fire: Plane of Air: Plane of Earth: The Dungeons of Doom: levels 1 to 27 Level 1: A fountain. One way stairs up to The Elemental Planes. Level 2: "vault - cleared" A sink, a grave. Level 3: A general store. Level 4: Stairs down to The Gnomish Mines. Level 5: "mjollnir in shop +21k + vault - cleared" A weapon shop, an altar to Tyr, a grave. Final resting place for Merlek-Val-Hum-Fem-Law, killed by a small mimic, while praying. Level 6: An altar. Level 7: "leather gloves + 9.5k" Some altars. Level 8: A fountain. Level 9: Oracle of Delphi. Level 10: A very big room. Stairs up to Sokoban, level 9. Level 11: Level 12: A fountain, a sink. Level 13: Level 14: "vault - cleared" Level 15: A fountain. Portal to The Quest. Level 16: Some fountains, a grave. Level 17: A primitive area. Level 18: Some fountains. Level 19: Level 20: A fountain, many graves. Level 21: Some fountains. Level 22: Level 23: Level 24: A sink. Level 25: Some fountains, many trees. Level 26: A temple to Tyr, a fountain. Level 27: The castle (play notes "GCGCA" to open or close drawbridge). Gehennom: levels 28 to 51 Level 28: A temple, many graves. Valley of the Dead. Final resting place for WizzyTheWeird-Wiz-Hum-Mal-Neu, killed while stuck in creature form. Level 29: "asmo below" Level 30: Level 31: Level 32: Level 33: Level 34: A fountain. Level 35: Level 36: Level 37: Stairs up to Vlad's Tower, level 36. Level 38: "ORCUS" Some shops, an altar, many graves. Level 39: Level 40: Level 41: Level 42: Level 43: Level 44: Level 45: Level 46: "real tower" Level 47: Level 48: Level 49: Level 50: Level 51: A temple, many graves. Moloch's Sanctum. The Gnomish Mines: levels 5 to 13 Level 5: Level 6: Level 7: "saddle" Level 8: "tinning-kit in hw store 40" Many shops, a temple to Tyr, many fountains. Level 9: Level 10: "AWAKE NYMPH" Level 11: Level 12: Level 13: Some fountains. The Quest: levels 1 to 5 Level 1: A fountain. Completed quest for the Norn. Level 2: Level 3: Level 4: Level 5: Sokoban: levels 9 up to 6 Level 6: "unicorns" Solved. Level 7: Solved. Level 8: Solved. Level 9: Solved. Vlad's Tower: levels 36 up to 34 Level 34: Level 35: Level 36: Farvel Merlek the Demigoddess... You went to your reward with 3050272 points, Excalibur (worth 4000 zorkmids and 10000 points) The Bell of Opening (worth 5000 zorkmids and 12500 points) The Orb of Fate (worth 3500 zorkmids and 8750 points) and 0 pieces of gold, after 48274 moves. You were level 18 with a maximum of 172 hit points when you ascended.